 Dungeon Crawl Stone Soup version 0.17-a0-435-gc4df345 (webtiles) character file.

114 ezio133798 the Grave Robber (level 4, -3/24 HPs)
             Began as a Deep Elf Necromancer on Apr 4, 2015.
             Slain by Natasha (5 damage)
             ... on level 2 of the Dungeon.
             The game lasted 00:14:58 (2817 turns).

ezio133798 the Grave Robber (Deep Elf Necromancer)  Turns: 2817, Time: 00:14:59

Health: -3/24      AC:  4    Str:  5    XL:     4   Next: 67%
Magic:  12/12      EV: 12    Int: 21    God:
Gold:   126        SH:  0    Dex: 15    Spells: 2 memorised, 10 levels left

rFire  . . .     SeeInvis .     p - +0 spear
rCold  . . .     Clarity  .     j - +0 leather armour
rNeg   . . .     SustAb   .     (no shield)
rPois  .         Gourm    .     (no helmet)
rElec  .         Spirit   .     (no cloak)
rCorr  .         Warding  .     (no gloves)
rMut   .         Stasis   .     q - +0 pair of boots
MR     .....                    (no amulet)
Stlth  ++........               (no ring)
                                (no ring)

@: slowed, very slow, not resistant to hostile enchantments, unstealthy
A: no striking features
a: no special abilities


You were on level 2 of the Dungeon.
You were not hungry.

You visited 1 branch of the dungeon, and saw 2 of its levels.

You collected 126 gold pieces.

Inventory:

Hand weapons
 f - a +0 dagger
 l - a +0 spear
 m - a +0 short sword
 p - a +0 spear (weapon)
 x - a +3 quarterstaff of chaos
 A - a +0 hammer
Missiles
 g - 20 stones (quivered)
 v - 10 arrows
Armour
 a - a +0 robe
 j - a +0 leather armour (worn)
 k - a +0 ring mail
 q - a +0 pair of boots (worn)
 y - a +0 cloak
Scrolls
 e - a scroll of blinking {unknown}
 h - a scroll of noise {unknown}
 i - 3 scrolls of identify {unknown}
 o - a scroll of random uselessness {unknown}
 s - 2 scrolls of teleportation {unknown}
 u - a scroll of fog {unknown}
 w - a scroll of magic mapping {unknown}
Potions
 d - a potion of haste
 n - a potion of beneficial mutation {unknown}
 t - a potion of heal wounds {unknown}
 B - a potion of lignification {unknown}
Books
 b - a book of Necromancy

   Spells                             Type                      Level
   a - Pain                           Necromancy                   1
   b - Animate Skeleton               Necromancy                   1
   c - Vampiric Draining              Necromancy                   3
   d - Regeneration                   Charms/Necromancy            3
   e - Animate Dead                   Necromancy                   4
   f - Control Undead                 Necromancy                   4
Comestibles
 c - a bread ration
 r - a meat ration


   Skills:
 + Level 0.1 Armour
 + Level 2.5 Dodging
 + Level 2.9 Stealth
 + Level 4.7 Spellcasting
 + Level 6.2 Necromancy


You had 10 spell levels left.
You knew the following spells:

 Your Spells              Type           Power        Failure   Level  Hunger
a - Pain                  Necr           ####         1%          1    None
b - Animate Skeleton      Necr           N/A          1%          1    None


Dungeon Overview and Level Annotations

Branches:
Dungeon (2/15)

Altars:

Annotations:
D:2 Natasha, Robin


Message History

The crimson imp hits you.
Robin roars a battlecry!
The crimson imp hits you but does no damage.
The crimson imp blinks!
The shadow imp disappears in a puff of smoke!
Natasha stares at you and mumbles some strange words.
You feel yourself slow down.
The crimson imp blinks!
Natasha casts a spell.
The crimson imp blinks!
The crimson imp blinks!
Natasha gestures.
Suddenly you are surrounded with a pale green light.
Natasha casts a spell at you. The magic dart hits you!
* * * LOW HITPOINT WARNING * * *
The crimson imp disappears in a puff of smoke!
Natasha extends her claws.
Natasha barely misses you. Natasha claws you.
You die...

.####
#......g..#
....#
#.........#
....#
########.##
....# #5#
....### #g#
.Z..'.# #.#
##..#.#
####.#
#..#.#
#...h#
#..#.#
#...@#
#..#.#
#....#
####.#
#....# #.#
####.# #.#
#.# #Z# #.#
#.# #.# #.#
#.# #.# #.#


You could see Robin, Natasha, a crimson imp and a hobgoblin (frenzied).

Vanquished Creatures
  Crazy Yiuf (D:2)
  Natasha (D:2)
  4 giant cockroaches (D:1)
  7 goblins
  9 hobgoblins
  A quokka (D:2)
  A ball python (D:2)
  10 bats (D:1)
  2 giant geckos
  2 giant newts
  6 jackals
  4 kobolds
  8 rats
  5 fungi (D:2)
61 creatures vanquished.

Vanquished Creatures (collateral kills)
  2 jackals (D:2)
2 creatures vanquished.

Vanquished Creatures (others)
  A felid skeleton (D:2)
  A gnoll skeleton (D:2)
  2 hobgoblin skeletons
  A rat skeleton (D:2)
5 creatures vanquished.

Grand Total: 68 creatures vanquished

Notes
Turn   | Place    | Note
--------------------------------------------------------------
     0 | D:1      | ezio133798, the Deep Elf Necromancer, began the quest for the Orb.
     0 | D:1      | Reached XP level 1. HP: 10/10 MP: 6/6
   147 | D:1      | Reached skill level 5 in Necromancy
   202 | D:1      | Reached XP level 2. HP: 7/15 MP: 2/8
  1018 | D:1      | Learned a level 1 spell: Animate Skeleton
  1485 | D:1      | Reached XP level 3. HP: 13/19 MP: 8/10
  2441 | D:2      | Noticed Crazy Yiuf
  2445 | D:2      | Killed Crazy Yiuf
  2445 | D:2      | Reached XP level 4. HP: 20/24 MP: 7/12
  2495 | D:2      | Reached skill level 6 in Necromancy
  2546 | D:2      | Noticed Natasha
  2557 | D:2      | Killed Natasha
  2762 | D:2      | Noticed Natasha
  2781 | D:2      | Your ally Natasha died
  2787 | D:2      | Noticed Robin
  2792 | D:2      | Your ally Crazy Yiuf died
  2817 | D:2      | Slain by Natasha

Action                   |  1- 3 |  4- 6 || total
-------------------------+-------+-------++-------
Melee: Unarmed           |     5 |       ||     5
       Spear             |    87 |     2 ||    89
Throw: Stone             |     2 |       ||     2
 Cast: Pain              |    75 |    19 ||    94
       Animate Skeleton  |     1 |     4 ||     5
  Use: Potion            |     1 |       ||     1
 Stab: Sleeping          |     1 |       ||     1
  Eat: Royal jelly       |     1 |       ||     1
       Bread ration      |     1 |       ||     1
